Map: Babylon LE

Players

Rail - Winner!

  • Race: Protoss Protoss
  • Spawn Location: 11:00

Aristori

  • Race: Zerg Zerg
  • Spawn Location: 5:00

Event: ESL SC2 Masters 2023 Summer (Finals)

VOD

Have the link to the VOD?

Description

Time

  • Played on: June 16, 2023, 7:20 a.m.
  • Length: 6:25

All games in this series

Show
View Real Time Build Order
Export as new Build Order

Rail Protoss - Winner!

Build Orders: 1 Gate Expand, Mass Adepts 

Get SALT Encoding   

  12  0:00  Probe  
  13  0:12  Probe  
  14  0:19  Pylon  
  14  0:24  Probe (Chrono Boost)  
  15  0:37  Probe (Chrono Boost)  
  15  0:38  Gateway  
  16  0:45  Probe (Chrono Boost)  
  16  0:47  Assimilator  
  17  0:51  Probe  
  18  1:03  Probe  
  19  1:15  Probe  
  20  1:23  Nexus  
  20  1:34  Cybernetics Core  
  20  1:36  Probe  
  21  1:44  Assimilator  
  21  1:48  Probe  
  21  1:51  Pylon  
  22  2:00  Probe (Chrono Boost)  
  23  2:11  Robotics Facility  
  23  2:12  Probe (Chrono Boost)  
  24  2:17  Stalker  
  24  2:19  Probe (Chrono Boost)  
  27  2:26  Warp Gate  
  27  2:27  Probe (Chrono Boost)  
  30  2:37  Probe (Chrono Boost)  
  30  2:38  Probe (Chrono Boost)  
  30  2:39  Shield Battery  
  31  2:44  Probe (Chrono Boost)  
  31  2:46  Probe (Chrono Boost)  
  31  2:49  Probe (Chrono Boost), Adept  
  34  2:55  Probe  
  36  2:59  Observer  
  36  3:01  Probe  
  38  3:07  Probe  
  38  3:08  Twilight Council  
  39  3:13  Probe  
  40  3:21  Probe  
  40  3:23  Immortal  
  45  3:28  Pylon  
  45  3:29  Probe  
  46  3:37  Gateway  
  46  3:39  Gateway  
  46  3:43  Resonating Glaives (Chrono Boost)  
  46  3:46  Probe  
  47  3:51  Gateway  
  47  3:57  Gateway  
  47  4:02  Gateway  
  47  4:07  Warp Prism (Chrono Boost)  
  49  4:13  Pylon  
  49  4:14  Adept  
  51  4:18  Assimilator  
  51  4:26  Probe  
  51  4:29  Pylon  
  52  4:32  Adept  
  52  4:35  Adept x2  
  58  4:39  Pylon  
  58  4:41  Probe  
  59  4:51  Adept  
  59  4:52  Adept  
  63  4:53  Adept  
  63  4:55  Pylon  
  63  4:56  Adept  
  63  4:58  Adept  
  69  5:00  Adept  
  71  5:15  Adept x3  
  71  5:17  Adept  
  71  5:22  Adept x2  
  75  5:32  Probe  
  70  5:40  Adept x4  
  78  5:43  Adept x2  
  80  6:01  Adept x4  
  86  6:07  Adept  
  86  6:08  Adept  
Show
View Real Time Build Order
Export as new Build Order

Aristori Zerg 

Build Orders: Hatch First 

Get SALT Encoding   

  12  0:00  Drone  
  13  0:13  Overlord  
  13  0:16  Drone  
  14  0:31  Drone x2  
  16  0:49  Hatchery  
  15  0:53  Drone  
  15  0:55  Drone  
  17  0:59  Drone  
  18  1:09  Extractor  
  17  1:14  Spawning Pool  
  17  1:18  Drone  
  17  1:22  Drone  
  18  1:30  Drone  
  19  1:40  Drone  
  20  1:53  Overlord  
  20  2:01  Queen x2  
  20  2:02  Zergling x2  
  20  2:03  Zergling x2  
  26  2:15  Drone x2  
  28  2:18  Metabolic Boost  
  28  2:26  Drone  
  28  2:27  Drone  
  30  2:39  Hatchery  
  30  2:41  Drone  
  30  2:43  Drone  
  31  2:52  Queen  
  31  2:55  Overlord  
  33  2:59  Overlord  
  33  3:01  Drone  
  34  3:15  Drone x2  
  34  3:17  Drone  
  34  3:18  Drone  
  34  3:19  Drone x3  
  41  3:27  Queen  
  41  3:32  Drone  
  41  3:34  Overlord  
  44  3:40  Roach Warren  
  43  3:41  Overlord  
  43  3:50  Overlord, Queen  
  43  3:51  Drone x2  
  43  3:53  Drone  
  48  3:57  Drone x2  
  49  4:07  Zergling x2  
  49  4:08  Zergling x8  
  54  4:15  Spore Crawler  
  53  4:20  Roach x3, Spore Crawler  
  58  4:25  Zergling x8  
  58  4:26  Zergling x2  
  65  4:34  Overlord x2  
  65  4:35  Zergling x6  
  67  4:48  Drone  
  67  4:49  Drone x2  
  69  4:59  Ravager  
  70  5:00  Drone  
  70  5:03  Zergling x24  
  79  5:16  Roach  
  79  5:17  Roach x3  
  73  5:29  Roach  
  73  5:30  Roach x2  
  78  5:38  Roach  
  78  5:40  Queen x2, Zergling x4  
  86  5:44  Overlord  
  86  5:46  Overlord  
  86  5:53  Zergling x2  
  86  5:54  Roach Warren  
Tags
 
Add a new tag
Caveats
  • Supply blocks, unpowered buildings, or Contaminate may cause inaccurate times.
  • Supply counts are checked every 10 seconds.